 Dungeon Crawl Stone Soup version 0.24-a0-484-g962a3eeff7 (webtiles) character file.

Game seed: 849107278653763250

205950 Inquire the Severer (level 18, 0/264 HPs)
             Began as a Minotaur Monk on July 9, 2019.
             Was a High Priest of Zin.
             Slain by a nine-headed hydra (2 damage)
             ... on level 4 of the Lair of Beasts.
             The game lasted 00:56:43 (34778 turns).

Inquire the Severer (Minotaur Monk)                Turns: 34778, Time: 00:56:43

Health: 0/264      AC: 16    Str: 33    XL:     18   Next: 5%
Magic:  0/35       EV: 22    Int: 14    God:    Zin [*****.]
Gold:   671        SH:  0    Dex: 19    Spells: 15/17 levels left

rFire    + + .     SeeInvis .   B - +4 broad axe of Corruption {freeze, +Inv rC++ Int-2 Stlth+}
rCold    + + .     Gourm    .   (no shield)
rNeg     + + +     Faith    .   p - +5 scale mail of Dogma {rF++ rN+++ MP+9 Int-2}
rPois    ∞         Spirit   +   S - +2 hat
rElec    .         Reflect  .   l - +2 cloak of the Dolphin {Str+2}
rCorr    .         Harm     .   s - +2 pair of gloves
MR       +....                  o - +2 pair of boots
Stlth    ..........             m - amulet of guardian spirit
HPRegen  0.54/turn              n - ring "Syvvua" {*Corrode rPois Int+5 Slay+5 Stlth-}
MPRegen  0.24/turn              D - +4 ring of slaying

@: berserking, vitalised, corroded, slowed, studying Dodging
A: retaliatory headbutt, horns 2, agile 1, wild magic 1
}: 1/15 runes: gossamer
a: Recite, Vitalisation, Imprison, Sanctuary, Donate Gold, Renounce Religion,
Evoke Invisibility


You were on level 4 of the Lair of Beasts.
You worshipped Zin.
Zin was extremely pleased with you.
You were not hungry.

You visited 8 branches of the dungeon, and saw 33 of its levels.
You visited the Abyss 1 time.
You visited 1 bazaar.
You also visited: Gauntlet and Ice Cave.

You collected 3410 gold pieces.
You spent 2665 gold pieces at shops.
You donated 74 gold pieces to Zin.

Inventory:

Hand Weapons
 e - a +5 battleaxe of venom
 B - the +4 broad axe of Corruption (weapon) {freeze, +Inv rC++ Int-2 Stlth+}
   (You found it on level 11 of the Dungeon)

   It has been specially enchanted to freeze those struck by it, causing extra
   injury to most foes and up to half again as much damage against particularly
   susceptible opponents.
   It can also slow down cold-blooded creatures.
   It affects your intelligence (-2).
   It greatly protects you from cold.
   It lets you turn invisible.
   It makes you more stealthy.
 M - a +4 broad axe of holy wrath
Missiles
 a - 5 curare-tipped darts
 g - 12 atropa-tipped darts
 h - 15 javelins (quivered)
 j - 32 boomerangs
 v - 93 poisoned darts
Armour
 l - the +2 cloak of the Dolphin (worn) {Str+2}
   (You bought it in a shop on level 8 of the Dungeon)

   It affects your strength (+2).
 o - a +2 pair of boots (worn)
 p - the +5 scale mail of Dogma (worn) {rF++ rN+++ MP+9 Int-2}
   (You bought it in a shop on level 3 of the Elven Halls)

   It affects your intelligence (-2).
   It greatly protects you from fire.
   It renders you almost immune to negative energy.
   It affects your magic capacity (+9).
 s - a +2 pair of gloves (worn)
 z - the +2 pair of gloves of Ilis {rN++ Int-5 Dex+6}
   (You found it in a Gauntlet)

   It affects your intelligence (-5).
   It affects your dexterity (+6).
   It greatly protects you from negative energy.
 A - a +2 leather armour of fire resistance
 N - the +1 ring mail of Reegroro {+Blink rF+ rC+ Slay+3}
   (You bought it in a shop in a bazaar)

   It affects your accuracy and damage with ranged weapons and melee attacks
   (+3).
   It protects you from fire.
   It protects you from cold.
   It lets you blink.
 S - a +2 hat (worn)
Magical Staves
 w - an uncursed staff of air
Jewellery
 m - an amulet of guardian spirit (around neck)
 n - the ring "Syvvua" (left hand) {*Corrode rPois Int+5 Slay+5 Stlth-}
   (You bought it in a shop on level 2 of the Orcish Mines)

   [ring of attention]

   It affects your intelligence (+5).
   It affects your accuracy and damage with ranged weapons and melee attacks
   (+5).
   It protects you from poison.
   It may corrode you when you take damage.
   It makes you less stealthy.
 D - a +4 ring of slaying (right hand)
 E - an uncursed ring of see invisible
 G - the ring of Iluq {Ice rElec}
   (You found it on level 11 of the Dungeon)

   [ring of ice]

   It enhances your ice magic.
   It makes you vulnerable to fire.
   It protects you from cold.
   It insulates you from electricity.
 Q - an uncursed ring of protection from fire
 U - an uncursed ring of protection from fire
Wands
 u - a wand of paralysis (30)
 H - a wand of disintegration (42)
 I - a wand of flame (18)
 K - a wand of iceblast (8)
 L - a wand of enslavement (9)
 T - a wand of polymorph (11)
 W - a wand of digging (4)
Scrolls
 i - 2 scrolls of amnesia
 t - 6 scrolls of remove curse
 x - 3 scrolls of fog
 O - 7 scrolls of identify
 R - 2 scrolls of teleportation
Potions
 b - a potion of invisibility
 d - 5 potions of ambrosia
 f - 2 potions of mutation
 k - 2 potions of flight
 r - a potion of agility
Books
 F - a manual of Dodging
Miscellaneous
 J - a phial of floods (inert)
Comestibles
 c - 25 rations


   Skills:
 * Level 19.4 Fighting
 - Level 20.2 Axes
   Level 4.1 Bows
 * Level 15.6 Armour
 * Level 13.6 Dodging
 - Level 1.5 Stealth
 * Level 12.5 Invocations


You had 15 spell levels left.
You knew the following spells:

 Your Spells              Type           Power        Failure   Level  Hunger
a - Blink                 Tloc           N/A          65%         2    ###....

Your spell library contained the following spells:

 Spells                   Type           Power        Failure   Level  Hunger
 Apportation              Tloc           #.....       50%         1    ##.....
 Beastly Appendage        Tmut           #.....       50%         1    ##.....
 Confusing Touch          Hex            #.....       50%         1    ##.....
 Freeze                   Ice            #...         50%         1    ##.....
 Magic Dart               Conj           #...         50%         1    ##.....
 Shock                    Conj/Air       #...         50%         1    ##.....
 Sting                    Conj/Pois      #...         50%         1    ##.....
 Summon Butterflies       Summ           #.......     50%         1    ##.....
 Call Imp                 Summ           #.......     65%         2    ###....
 Slow                     Hex            #.......     65%         2    ###....
 Swiftness                Chrm/Air       #.......     65%         2    ###....
 Throw Flame              Conj/Fire      #.....       65%         2    ###....
 Throw Frost              Conj/Ice       #.....       65%         2    ###....
 Call Canine Familiar     Summ           #.......     86%         3    ####...
 Confuse                  Hex            #.......     86%         3    ####...
 Conjure Flame            Conj/Fire      #.......     86%         3    ####...
 Gell's Gravitas          Tloc           #.........   86%         3    ####...
 Ignite Poison            Fire/Tmut/Pois #.......     86%         3    ####...
 Lesser Beckoning         Tloc           #.........   86%         3    ####...
 Mephitic Cloud           Conj/Pois/Air  #.......     86%         3    ####...
 Ozocubu's Armour         Chrm/Ice       #.......     86%         3    ####...
 Static Discharge         Conj/Air       #.......     86%         3    ####...
 Tukima's Dance           Hex            #.......     86%         3    ####...
 Airstrike                Air            #.........   99%         4    #####..
 Ice Form                 Ice/Tmut       #.......     99%         4    #####..
 Petrify                  Tmut/Erth      #.......     99%         4    #####..
 Summon Ice Beast         Ice/Summ       #.......     99%         4    #####..
 Throw Icicle             Conj/Ice       #.......     99%         4    #####..
 Alistair's Intoxication  Tmut/Pois      #.......     100%        5    ######.
 Aura of Abjuration       Summ           #.........   100%        5    ######.
 Lightning Bolt           Conj/Air       #.........   100%        5    ######.
 Metabolic Englaciation   Hex/Ice        #.........   100%        5    ######.
 Summon Mana Viper        Hex/Summ       #.......     100%        5    ######.
 Yara's Violent Unravell  Hex/Tmut       #.........   100%        5    ######.
 Bolt of Cold             Conj/Ice       #.........   100%        6    #######
 Freezing Cloud           Conj/Ice/Air   #.........   100%        6    #######
 Invisibility             Hex            #.......     100%        6    #######
 Ozocubu's Refrigeration  Ice            #.........   100%        6    #######
 Simulacrum               Ice/Necr       #.........   100%        6    #######
 Statue Form              Tmut/Erth      #........    100%        6    #######
 Spellforged Servitor     Conj/Summ      #.........   100%        7    #######
 Ignition                 Fire           #.........   100%        8    #######
 Shatter                  Erth           #.........   100%        9    #######
 Tornado                  Air            #.........   100%        9    #######


Dungeon Overview and Level Annotations

Branches:
Dungeon (15/15)            Temple (1/1) D:6            Lair (6/6) D:8
  Swamp (1/4) Lair:4       Spider (4/4) Lair:2        Slime (1/5) Lair:5
    Orc (2/2) D:10            Elf (3/3) Orc:2        Vaults (0/5) D:14
 Depths (0/5) D:15

Altars:
Ashenzari
Cheibriados
Dithmenos
Elyvilon
Fedhas
Gozag
Hepliaklqana
Kikubaaqudgha
Makhleb
Nemelex Xobeh
Okawaru
Qazlal
Ru
Sif Muna
Trog
Uskayaw
Vehumet
Wu Jian
Xom
Yredelemnul
Zin
The Shining One
Beogh
Jiyva

Shops:
D:8 *}%*[   D:10 !   D:13 [   D:14 [   D:15 [   Orc:1 %(*[}   Orc:2 *==!*
Elf:1 *   Elf:3 [

Annotations:
Lair:1 2 transporters, Anmu's ghost, journeyman TrBe
Lair:5 exclusion: oklob plant
Orc:1 GET ARTIFACTS
Elf:2 5 runed translucent doors


Innate Abilities, Weirdness & Mutations

You reflexively headbutt those who attack you in melee.
You have a pair of horns on your head.
You are agile. (Dex +2)
Your spells are a little harder to cast, but a little more powerful.


Message History

Okay, then.
Okay, then.
A red film seems to cover your vision as you go berserk!
You feel yourself moving faster!
You feel mighty! The blink frog hits you!
* * * LOW HITPOINT WARNING * * *
The blink frog blinks!
The blink frog misses you.
The nine-headed hydra barely misses you.
The nine-headed hydra completely misses you.
The nine-headed hydra bites you but does no damage.
The nine-headed hydra completely misses you.
The nine-headed hydra barely misses you.
The nine-headed hydra bites you!
* * * LOW HITPOINT WARNING * * *
The nine-headed hydra bites you but does no damage. x2
The nine-headed hydra misses you. The blink frog hits you.
* * * LOW HITPOINT WARNING * * *
The blink frog misses you. The blink frog hits you.
* * * LOW HITPOINT WARNING * * *
The blink frog blinks!
The nine-headed hydra bites you.
You die...

...........###..............
#...P#..#E.#.............#
.#.....##(.###......P.PP..
....#..##(###.#.#.######P.
....#.##.#........../..)..
....###....<............
...##........#..........
####.....#####.D§§...F..
.......###.# ###@.....#
⌠.....###..#####F...###
....####....P#.......#
..⌠..#..#............###
....#........F.......#.#
⌠....##................#
.................##P...#
.###...#....##..###...###
.###...###.#...# #....#.##


You could see a nine-headed hydra and 3 blink frogs.

Vanquished Creatures
  A tentacled starspawn (Abyss:2)
  Donald (Orc:2)
  Roxanne (Elf:3)
  2 deep elf sorcerers
  5 ghost moths
  6 emperor scorpions
  An orc warlord (Orc:2)
  2 stone giants
  4 entropy weavers
  Nessos (Lair:5)
  A deep elf annihilator (Elf:2)
  Azrael (Spider:3)
  A minotaur (Gauntlet)
  2 spark wasps
  Snorg (Lair:5)
  A death ooze (Gauntlet)
  2 deep elf death magi
  An ice dragon (D:11)
  2 catoblepae
  2 hydras
  4 centaur warriors
  4 two-headed ogres
  A shambling mangrove (Swamp:1)
  8 dancing weapons
  An ogre mage (D:14)
  10 death yaks
  A death knight (D:13)
  2 alligators
  A deep troll shaman (Lair:6)
  A spriggan (Swamp:1)
  A tengu warrior (D:13)
  An orc high priest (Orc:1)
  Urug (Lair:6)
  A thrashing horror (Abyss:2)
  12 deep elf knights
  A wretched star (Abyss:2)
  2 spatial maelstroms (Abyss:2)
  3 skeletal warriors
  A sixfirhy (Abyss:2)
  A swamp dragon (Lair:4)
  12 deep elf archers
  A necromancer (D:15)
  2 wizards
  54 deep elf magi
  13 orb spiders
  2 orc knights
  28 wolf spiders
  A lindwurm (Lair:6)
  7 orc sorcerers
  18 ugly things
  4 cyclopes
  A manticore (D:15)
  14 elephants
  2 moths of wrath (Spider:3)
  2 ice statues (IceCv)
  4 centaur zombies
  2 smoke demons (Abyss:2)
  7 black mambas
  A gargoyle (D:11)
  2 torpor snails
  9 spiny frogs
  A kobold demonologist (D:12)
  An efreet (D:14)
  A freezing wraith (D:14)
  3 rime drakes
  5 komodo dragons
  14 demonic crawlers
  An ancient zyme (Abyss:2)
  5 trolls
  4 polar bears
  37 jumping spiders
  A tyrant leech (Lair:4)
  10 hornets
  8 blink frogs
  6 hippogriffs
  3 large abominations (Abyss:2)
  2 slime creatures (Lair:4)
  3 bog bodies
  4 dream sheep (Lair:6)
  A raiju (Abyss:2)
  A snapping turtle (shapeshifter) (D:14)
  52 redbacks
  7 air elementals
  14 tarantellas
  23 yaks
  A wraith (D:12)
  7 wyverns
  3 fire elementals (Spider:3)
  A vampire (D:12)
  A small abomination (Abyss:2)
  A vampire mosquito (Swamp:1)
  A hungry ghost (D:8)
  2 basilisks
  A steam dragon (D:11)
  2 spatial vortices (Abyss:2)
  3 wargs
  2 acid dragons
  12 water moccasins
  A soldier ant (D:11)
  4 swamp worms
  3 hell hounds
  2 meliai simulacra (D:15)
  13 ice beasts
  9 porcupines
  3 black bears
  38 orc warriors
  3 sky beasts
  A swamp drake (Swamp:1)
  A necrophage (D:14)
  11 ogres
  A phantom (D:7)
  27 centaurs
  A boggart (D:14)
  24 wolves
  7 crocodiles
  5 big kobolds
  18 bullfrogs
  4 earth elementals
  A wyvern skeleton (D:14)
  6 scorpions
  3 killer bees (D:12)
  5 wights
  3 electric eels
  A howler monkey (D:4)
  2 bullfrog zombies (D:7)
  4 crimson imps
  3 human zombies (D:12)
  A quasit (D:6)
  Crazy Yiuf (D:5)
  6 jellies
  17 orc wizards
  A wyvern simulacrum (D:15)
  4 hounds
  A gnoll shaman (Orc:2)
  11 centaur skeletons
  15 orc priests
  A bullfrog skeleton (D:8)
  A human skeleton (D:12)
  6 iguanas
  14 worker ants
  5 mummies (D:12)
  A hound zombie (D:7)
  2 worker ant zombies
  3 gnolls (Orc:2)
  A howler monkey skeleton (D:5)
  12 adders
  7 shadow imps
  A white imp (Gauntlet)
  An ufetubus (Abyss:2)
  An ooze (D:2)
  An adder zombie (D:7)
  3 worms
  5 leopard geckos
  92 orcs
  7 bats
  10 giant cockroaches
  8 goblins
  6 hobgoblins
  22 jackals
  2 quokkas
  A ball python (D:3)
  3 frilled lizards
  22 kobolds
  11 rats
  7 fungi
  3 plants
  2 starspawn tentacles (Abyss:2)
1047 creatures vanquished.

Vanquished Creatures (collateral kills)
  A hydra (Lair:5)
  A lindwurm (Lair:5)
  A komodo dragon (Lair:5)
  2 redbacks (Spider:4)
  2 ogres (Orc:2)
7 creatures vanquished.

Vanquished Creatures (others)
  A redback (Spider:3)
  2 bushes
  2 demonic plants (Gauntlet)
  38 fungi
  6 plants
49 creatures vanquished.

Grand Total: 1103 creatures vanquished

Notes
Turn   | Place    | Note
-------+----------+-------------------------------------------
     0 | D:1      | Inquire the Minotaur Monk began the quest for the Orb.
     0 | D:1      | Reached XP level 1. HP: 19/19 MP: 0/0
   212 | D:1      | Reached XP level 2. HP: 14/27 MP: 1/1
   262 | D:1      | Reached skill level 4 in Axes
  1016 | D:2      | Found an ornate altar of the Wu Jian Council.
  1021 | D:2      | Reached XP level 3. HP: 27/33 MP: 2/2
  1298 | D:2      | Learned a level 2 spell: Blink
  1565 | D:2      | Gained mutation: You are agile. (Dex +2) [potion of
                  | mutation]
  1565 | D:2      | Gained mutation: Your spells are a little harder to cast,
                  | but a little more powerful. [potion of mutation]
  1787 | D:3      | Noticed an orc warrior
  2070 | D:3      | Reached skill level 1 in Armour
  2145 | D:3      | Reached XP level 4. HP: 41/41 MP: 3/3
  2179 | D:3      | Found a deep blue altar of Sif Muna.
  2230 | D:3      | Reached skill level 5 in Axes
  2232 | D:3      | Found a blossoming altar of Fedhas.
  2262 | D:3      | Reached skill level 5 in Fighting
  2262 | D:3      | Reached XP level 5. HP: 41/48 MP: 4/4
  2713 | D:4      | Reached XP level 6. HP: 57/57 MP: 5/5
  2731 | D:4      | Reached skill level 6 in Axes
  2823 | D:4      | Found a white marble altar of Elyvilon.
  3535 | D:3      | Found a glowing golden altar of the Shining One.
  3863 | D:3      | Became a worshipper of the Shining One
  3863 | D:3      | Reached * piety under the Shining One
  3863 | D:3      | Reached ** piety under the Shining One
  3985 | D:3      | Reached XP level 7. HP: 64/64 MP: 6/6
  4314 | D:5      | Entered Level 5 of the Dungeon
  4441 | D:5      | Reached skill level 7 in Axes
  4441 | D:5      | Reached skill level 1 in Invocations
  4485 | D:5      | Found a runed translucent door.
  4486 | D:5      | Noticed Crazy Yiuf
  4539 | D:5      | Killed Crazy Yiuf
  4539 | D:5      | Reached skill level 1 in Bows
  5111 | D:6      | Found a shattered altar of Ashenzari.
  5169 | D:6      | Found a staircase to the Ecumenical Temple.
  5239 | D:6      | Found a sacrificial altar of Ru.
  5372 | D:6      | Reached XP level 8. HP: 65/74 MP: 8/8
  5439 | D:6      | Reached skill level 8 in Axes
  5652 | D:7      | Noticed a two-headed ogre
  5788 | D:7      | Noticed a hippogriff
  5809 | D:7      | Killed a hippogriff
  6072 | D:8      | Found a bloodstained altar of Trog.
  6086 | D:8      | Reached skill level 9 in Axes
  6128 | D:8      | Reached *** piety under the Shining One
  6142 | D:8      | Reached XP level 9. HP: 43/83 MP: 7/10
  6435 | D:8      | Found a staircase to the Lair.
  6554 | D:8      | Reached skill level 10 in Axes
  6602 | D:8      | Reached skill level 10 in Fighting
  6603 | D:8      | Found Ynarhu's Antique Armour Shop.
  6634 | D:8      | Bought a distressingly furry cloak for 266 gold pieces
  6634 | D:8      | Bought a dyed leather armour for 140 gold pieces
  6710 | D:8      | Identified the +2 cloak of the Dolphin {Str+2} (You bought
                  | it in a shop on level 8 of the Dungeon)
  6758 | D:8      | Noticed a two-headed ogre
  7333 | D:8      | Found Nadiaf's General Store.
  7429 | D:8      | Killed a two-headed ogre
  7429 | D:8      | Reached XP level 10. HP: 52/94 MP: 5/12
  7533 | D:8      | Found Vocve's Gadget Shoppe.
  7742 | D:8      | Found Hode's Assorted Antiques.
  7745 | D:8      | Bought a sedimented pink potion for 22 gold pieces
  7745 | D:8      | Bought a scroll labeled ASHRIKK SIAGEO for 25 gold pieces
  7952 | D:8      | Reached skill level 5 in Armour
  8100 | D:8      | Found Qeheigh's Food Boutique.
  8166 | D:7      | Killed a two-headed ogre
  8166 | D:7      | Reached skill level 11 in Axes
  8166 | D:7      | Reached skill level 5 in Invocations
  8334 | D:7      | Found a burning altar of Makhleb.
  8688 | D:9      | Found a stormy altar of Qazlal.
  8877 | D:9      | Found a radiant altar of Vehumet.
  8911 | D:9      | Found a snail-covered altar of Cheibriados.
  8914 | D:9      | Found a shadowy altar of Dithmenos.
  9102 | D:10     | Entered Level 10 of the Dungeon
  9113 | D:10     | Found Gaak's Distillery.
  9123 | D:10     | Bought a potion of heal wounds for 55 gold pieces
  9282 | D:10     | Found a staircase to the Orcish Mines.
  9379 | D:10     | Reached skill level 12 in Axes
  9784 | D:10     | Bought a potion of agility for 44 gold pieces
  9967 | D:11     | Noticed an ice dragon
 10280 | D:11     | Reached XP level 11. HP: 99/104 MP: 14/14
 10349 | D:11     | Got the broad axe of Corruption {freeze}
 10354 | D:11     | Got the ring of Iluq {Ice}
 10381 | D:10     | Identified the +4 broad axe of Corruption {freeze, +Inv
                  | rC++ Int-2 Stlth+} (You found it on level 11 of the
                  | Dungeon)
 10415 | Orc:1    | Entered Level 1 of the Orcish Mines
 10415 | Orc:1    | Reached **** piety under the Shining One
 10432 | Orc:1    | Found Vykhlaugo's Food Shop.
 10432 | Orc:1    | Noticed an orc sorcerer
 10452 | Orc:1    | Killed an orc sorcerer
 10531 | Orc:1    | Noticed a stone giant
 10641 | Lair:1   | Entered Level 1 of the Lair of Beasts
 10641 | Lair:1   | Found a transporter.
 10641 | Lair:1   | Found a transporter.
 10641 | Lair:1   | Noticed Anmu's ghost (journeyman TrBe)
 10725 | Lair:1   | Noticed a catoblepas
 10879 | Lair:1   | Got a jewelled ring mail
 10890 | Lair:1   | Identified the +5 ring mail of Fun {SInv} (You found it on
                  | level 1 of the Lair of Beasts)
 11071 | Lair:1   | Reached skill level 13 in Axes
 11210 | Lair:1   | Identified the ring of Iluq {Ice rElec} (You found it on
                  | level 11 of the Dungeon)
 11501 | Lair:1   | Killed a catoblepas
 11781 | Lair:2   | Found a hole to the Spider Nest.
 12039 | Lair:2   | Reached XP level 12. HP: 96/116 MP: 14/16
 12843 | Lair:3   | Reached skill level 14 in Axes
 12926 | Lair:3   | Noticed a four-headed hydra
 12944 | Lair:3   | Noticed a four-headed hydra
 13121 | Lair:5   | Noticed Nessos
 13169 | Lair:5   | Killed Nessos
 13169 | Lair:5   | Reached skill level 5 in Dodging
 13185 | Lair:5   | Noticed a seven-headed hydra
 13195 | Lair:5   | Found a staircase to the Slime Pits.
 13196 | Lair:5   | Found a viscous altar of Jiyva.
 13239 | Lair:6   | Entered Level 6 of the Lair of Beasts
 13408 | Lair:6   | Found a gate leading to a gauntlet.
 13422 | Gauntlet | Entered a Gauntlet
 13422 | Gauntlet | Found a transporter.
 13529 | Gauntlet | Noticed a death ooze
 13530 | Gauntlet | Found a transporter.
 13550 | Gauntlet | Found a transporter.
 13563 | Gauntlet | Found a transporter.
 13568 | Gauntlet | Found a transporter.
 13583 | Gauntlet | Found a transporter.
 13602 | Gauntlet | Found a transporter.
 13613 | Gauntlet | Found the +3 robe of Clouds {+Thunder rCloud rElec}
 13614 | Gauntlet | Found a transporter.
 13614 | Gauntlet | Noticed a ghost crab
 13626 | Gauntlet | Found a transporter.
 13626 | Gauntlet | Reached ***** piety under the Shining One
 13634 | Gauntlet | Found a large runed translucent door.
 13635 | Gauntlet | Found a large runed translucent door.
 13636 | Gauntlet | Found a large runed translucent door.
 13636 | Gauntlet | Found a large runed translucent door.
 13637 | Gauntlet | Found a runed translucent gate.
 13638 | Gauntlet | Found a transporter.
 13638 | Gauntlet | Found a runed translucent gate.
 13638 | Gauntlet | Noticed an entropy weaver
 13639 | Gauntlet | Found a runed translucent gate.
 13640 | Gauntlet | Found a large runed translucent door.
 13640 | Gauntlet | Found a large runed translucent door.
 13641 | Gauntlet | Found a large runed translucent door.
 13642 | Gauntlet | Found a large runed translucent door.
 13650 | Gauntlet | Found a transporter.
 13653 | Gauntlet | Noticed a death yak
 13653 | Gauntlet | Noticed a death yak
 13654 | Gauntlet | Noticed a death yak
 13655 | Gauntlet | Noticed a death yak
 13669 | Gauntlet | Found a transporter.
 13680 | Gauntlet | Found a large runed translucent door.
 13681 | Gauntlet | Found a large runed translucent door.
 13682 | Gauntlet | Found a large runed translucent door.
 13682 | Gauntlet | Found a large runed translucent door.
 13683 | Gauntlet | Found a runed translucent door.
 13684 | Gauntlet | Found a transporter.
 13685 | Gauntlet | Found a runed translucent door.
 13686 | Gauntlet | Found a large runed translucent door.
 13686 | Gauntlet | Found a large runed translucent door.
 13687 | Gauntlet | Found a large runed translucent door.
 13713 | Gauntlet | Found a transporter.
 13733 | Gauntlet | Found a transporter.
 13744 | Gauntlet | Found a transporter.
 13745 | Gauntlet | Cast into level 2 of the Abyss (a wizard)
 13746 | Abyss:2  | Found a corrupted altar of Lugonu.
 13873 | Abyss:2  | Noticed a tentacled starspawn
 13884 | Abyss:2  | Killed a tentacled starspawn
 13928 | Abyss:2  | Reached skill level 15 in Fighting
 13928 | Abyss:2  | Reached skill level 15 in Axes
 14127 | Abyss:2  | Reached XP level 13. HP: 31/127 MP: 11/17
 14129 | Gauntlet | Escaped the Abyss
 14210 | Gauntlet | Found a transporter.
 14210 | Gauntlet | Found a transporter.
 14397 | Gauntlet | Found a large runed translucent door.
 14410 | Gauntlet | Killed a death ooze
 14553 | Gauntlet | Got a pair of distressingly furry gloves
 14554 | Gauntlet | Identified the +2 pair of gloves of Ilis {rN++ Int-5 Dex+6}
                  | (You found it in a Gauntlet)
 14786 | Gauntlet | Noticed a minotaur
 14797 | Gauntlet | Killed a minotaur
 14797 | Gauntlet | Reached skill level 10 in Armour
 14810 | Gauntlet | Got a faintly glowing scale mail
 14852 | Lair:6   | Identified the +0 scale mail "Moevoom" {Int+3} (You found
                  | it in a Gauntlet)
 14999 | Lair:6   | Noticed Urug
 15012 | Lair:6   | Killed Urug
 15299 | Lair:6   | Reached skill level 16 in Axes
 15774 | Lair:4   | Found a staircase to the Swamp.
 15969 | Lair:3   | Found a snail-covered altar of Cheibriados.
 16311 | Orc:1    | Killed a stone giant
 16311 | Orc:1    | Reached skill level 17 in Axes
 16382 | Orc:1    | Found a roughly hewn altar of Beogh.
 16445 | Orc:2    | Entered Level 2 of the Orcish Mines
 16487 | Orc:2    | Found Guttis's General Store.
 16496 | Orc:2    | Bought a scroll of fog for 26 gold pieces
 16496 | Orc:2    | Bought a +5 battleaxe of venom for 452 gold pieces
 16502 | Orc:2    | Noticed an orc warlord
 16529 | Orc:2    | Killed an orc warlord
 16529 | Orc:2    | Reached XP level 14. HP: 137/137 MP: 18/18
 16563 | Orc:2    | Found a frozen archway.
 16595 | IceCv    | Entered an ice cave
 16606 | IceCv    | Found a transporter.
 16668 | IceCv    | Found a transporter.
 17108 | Orc:2    | Reached skill level 18 in Axes
 17440 | Orc:2    | Noticed a stone giant
 17450 | Orc:2    | Killed a stone giant
 17478 | Orc:2    | Found a staircase to the Elven Halls.
 17626 | Orc:2    | Found Ginos's Jewellery Shop.
 17626 | Orc:2    | Found Enaf Dif's Jewellery Shoppe.
 17628 | Orc:2    | Found Ysoparph's Distillery.
 17630 | Orc:2    | Found Gukef's Assorted Antiques.
 17642 | Orc:2    | Bought a scroll labeled NEMUJU LOLUVOR for 16 gold pieces
 17772 | Orc:2    | Noticed Donald
 18229 | Orc:2    | Killed Donald
 18385 | Orc:2    | Bought the ring "Syvvua" {*Corrode rPois Int+5 Slay+5
                  | Stlth-} for 669 gold pieces
 18649 | D:11     | Reached skill level 19 in Axes
 19287 | D:12     | Found a flickering gateway to a bazaar.
 19317 | Bazaar   | Entered a bazaar
 19568 | Bazaar   | Found Leblet's Antique Armour Shop.
 19579 | Bazaar   | Found Mekor's Jewellery Shop.
 19614 | Bazaar   | Bought a dazzling ring mail for 144 gold pieces
 19614 | Bazaar   | Identified the +1 ring mail of Reegroro {+Blink rF+ rC+
                  | Slay+3} (You bought it in a shop in a bazaar)
 19773 | D:13     | Found Zooka's Antique Armour Emporium.
 20007 | D:13     | You fall into a shaft and drop 1 floor!
 20086 | D:14     | Found a glowing golden altar of the Shining One.
 20116 | D:14     | Found Nije's Armour Shoppe.
 20197 | D:14     | Reached skill level 20 in Axes
 20360 | D:14     | Reached ****** piety under the Shining One
 20482 | D:14     | Found a gate to the Vaults.
 20918 | D:15     | Entered Level 15 of the Dungeon
 21019 | D:15     | Reached XP level 15. HP: 63/144 MP: 8/19
 21730 | D:15     | Found a staircase to the Depths.
 21849 | D:15     | Found Anlixuh's Antique Armour Emporium.
 21853 | D:15     | Bought a steaming scale mail for 252 gold pieces
 21853 | D:15     | Identified the +1 scale mail of the Burgomaster {rElec MR+}
                  | (You bought it in a shop on level 15 of the Dungeon)
 22613 | D:12     | Found an ancient bone altar of Kikubaaqudgha.
 22836 | Orc:1    | Found Nypnil Eqeb's Antique Armour Emporium.
 22852 | Orc:1    | Found Iveudghuni's Gadget Shoppe.
 22961 | Orc:1    | Found Bagugg's General Store.
 22967 | Orc:1    | Bought a scroll of teleportation for 30 gold pieces
 23088 | Orc:1    | Found Kuag's Weapon Emporium.
 23366 | Orc:1    | Bought a wand of digging (7) for 220 gold pieces
 23819 | Spider:1 | Entered Level 1 of the Spider Nest
 25231 | Spider:2 | Reached skill level 10 in Dodging
 25576 | Spider:3 | Noticed Azrael
 25585 | Spider:3 | Reached XP level 16. HP: 131/155 MP: 10/22
 25586 | Spider:3 | Killed Azrael
 26202 | Spider:3 | Reached skill level 10 in Invocations
 26697 | Spider:4 | Entered Level 4 of the Spider Nest
 27979 | Spider:4 | Got a gossamer rune of Zot
 28890 | Lair:3   | Reached XP level 17. HP: 127/166 MP: 18/24
 29338 | Swamp:1  | Entered Level 1 of the Swamp
 30275 | Lair:5   | Noticed Snorg
 30281 | Lair:5   | Killed Snorg
 30856 | Slime:1  | Entered Level 1 of the Pits of Slime
 31126 | Elf:1    | Entered Level 1 of the Elven Halls
 31151 | Elf:1    | Found a shimmering altar of Xom.
 31519 | Elf:1    | Identified Sif Muna's Reference Book on Blows and Bruises
                  | and Companions
 31767 | Elf:1    | Found Wicosefy's Assorted Antiques.
 31770 | Elf:1    | Bought a scroll labeled DEL HYCSOCOAF for 34 gold pieces
 32087 | Elf:2    | Reached skill level 15 in Armour
 32264 | Elf:2    | Identified Biumam's Almanac of Combat Magic
 32598 | Elf:2    | Found a huge runed translucent gate.
 32598 | Elf:2    | Found a huge runed translucent gate.
 32598 | Elf:2    | Found a huge runed translucent gate.
 32598 | Elf:2    | Found a huge runed translucent gate.
 32598 | Elf:2    | Found a huge runed translucent gate.
 32811 | Elf:3    | Entered Level 3 of the Elven Halls
 32870 | Elf:3    | Found Qinoviy's Antique Armour Emporium.
 32878 | Elf:3    | Bought a faintly humming scale mail for 270 gold pieces
 32878 | Elf:3    | Identified the +5 scale mail of Dogma {rF++ rN+++ MP+9
                  | Int-2} (You bought it in a shop on level 3 of the Elven
                  | Halls)
 33042 | Orc:2    | Identified a +4 broad axe of holy wrath (a +2 broad axe
                  | blessed by the Shining One)
 33042 | Orc:2    | Received a gift from the Shining One
 33194 | Temple   | Entered the Ecumenical Temple
 33272 | Temple   | Fell from the grace of the Shining One
 33272 | Temple   | Became a worshipper of Zin the Law-Giver
 33272 | Temple   | Reached * piety under Zin
 33272 | Temple   | Reached ** piety under Zin
 33272 | Temple   | Reached *** piety under Zin
 33272 | Temple   | Reached **** piety under Zin
 33272 | Temple   | Reached ***** piety under Zin
 33672 | Elf:3    | Identified the +4 morningstar of Conservatism {crush,
                  | *Noise +Inv Dex+3 SInv} (You found it on level 3 of the
                  | Elven Halls)
 33789 | Elf:3    | Identified the +4 short sword of True Grit {pierce, rF-
                  | Dex+4 SInv}
 33794 | Elf:3    | Identified Roxanne's Grimoire of Transmutation
 33794 | Elf:3    | Noticed Roxanne
 33803 | Elf:3    | Identified a scroll of acquirement
 33815 | Elf:3    | HP: 4/168 [deep elf archer/arrow (7)]
 33852 | Elf:3    | Reached XP level 18. HP: 61/176 MP: 26/26
 34232 | Elf:3    | Killed Roxanne
 34778 | Lair:4   | HP: 13/264 [blink frog (6)]
 34778 | Lair:4   | HP: 5/264 [blink frog (3)]
 34778 | Lair:4   | HP: 2/264 [blink frog (3)]
 34778 | Lair:4   | Slain by a nine-headed hydra

Levels and vault maps discovered:
D:1:      eino_arrival_cavern_e, layout_loops_corners, st_stairs_13
D:2:      layout_basic, overflow_temple_1_default
D:3:      layout_basic, lemuel_round_altar, led_sif_book, lemuel_round_altar
D:4:      layout_gridville, overflow_temple_1_default, first_ration,
          kennysheep_generic_room_8
D:5:      layout_loops_ring, uniq_crazy_yiuf_cottage
D:6:      layout_cave_pools, nicolae_ru_the_path_less_chosen, ashenzari_altar_1,
          minmay_temple_entry_butterflies, serial_column_ruins,
          column_ruins_columns_corner, column_ruins_grid_1,
          column_ruins_open_large, column_ruins_open_medium_water,
          column_ruins_grid_2
D:7:      layout_loops_ring, grunt_ministairs_2, bloody_makhleb
D:8:      layout_basic, trog_ov_bears_minmay, due_lair_maze_entry_diamond,
          serial_shops, kennysheep_mini_moat, shop, shop,
          nicolae_shop_overgrown_old_shop, shop
D:9:      layout_roguey, marbit_many_paths, grunt_temple_overflow_open,
          grunt_ogre_cave
D:10:     layout_loops_ring, david_orc_2, serial_shops, shop
D:11:     minmay_coctagon, layout_basic
D:12:     layout_irregular_city, serial_shops, bzr_entry_lakeside,
          lemuel_mausoleum_altar_kikubaaqudgha
D:13:     layout_gridville, serial_shops, kennysheep_little_box, minivault_4,
          minivault_12
D:14:     layout_irregular_city, hangedman_vaults_entry_quadrant_bands,
          tso_metal_star, serial_shops, shop
D:15:     grunt_enter_depths_magical_seal, layout_basic, serial_shops, shop
Temple:   eino_temple_lava
Lair:1:   layout_regular_city, gammafunk_ghost_hive,
          chequers_serial_rivers_room_b, serial_bayou_pond_d,
          hangedman_lair_generics_rect
Lair:2:   layout_layer_cave, nicolae_spider_entry_non_spiders,
          lemuel_old_faithful
Lair:3:   layout_layer_cave, basic_altar
Lair:4:   layout_gridlike, minmay_swamp_entry_worms, gammafunk_ghost_hive,
          grunt_megastairs_4
Lair:5:   layout_cave_pods, slime_altar_1, serial_bayou_shore_b, uniq_snorg,
          uniq_nessos
Lair:6:   grunt_lair_end_beastmaster, layout_concentric_octagons,
          gauntlet_entry_generic, uniq_urug
Swamp:1:  layout_falls_marsh, evilmike_swamp_ruin_rubble_2, swamp_pool2,
          infiniplex_staircase_pool
Spider:1: layout_chambers
Spider:2: layout_spider_delve, nicolae_crawler_farm,
          hangedman_spider_tarantella_strand
Spider:3: layout_spider_delve, drop_trap, guppyfry_hornet_nest, uniq_azrael
Spider:4: grunt_spider_rune_circles
Slime:1:  layout_caves
Orc:1:    layout_diamond_mine, serial_shops, shop_statue, shop, shop,
          nicolae_shop_crystal, nicolae_shop_crystal, minmay_orc_temple_c
Orc:2:    st_orc_rangers, layout_caves, serial_shops, nicolae_shop_crystal,
          portal_ice_cave_rime, uniq_donald
Elf:1:    layout_loops_corners, serial_shops, nicolae_shop_behind_doors,
          minmay_elf_sorcery, minmay_misc_feat_pillars, lemuel_statue_altar
Elf:2:    layout_geoelf_grid, minmay_elf_annihilation
Elf:3:    elf_hall, layout_loops_cross, serial_shops, shop, uniq_roxanne

Skill      XL: |  1  2  3  4  5  6  7  8  9 10 11 12 13 14 15 16 17 |
---------------+----------------------------------------------------+-----
Fighting       | 4 5 6 7 9 10 12 13 15 16 17 18 19 | 19.4
Axes           | 4 5 6 7 9 10 12 13 15 17 20 | 20.2
Armour         | 1 2 3 4 6 8 9 10 12 14 15 | 15.6
Invocations    | 1 3 4 6 7 9 11 12 | 12.5
Bows           | 1 3 4 |  4.1
Dodging        | 4 6 7 8 10 12 13 | 13.6
Stealth        | |  1.5

Action                   |  1- 3 |  4- 6 |  7- 9 | 10-12 | 13-15 | 16-18 || total
-------------------------+-------+-------+-------+-------+-------+-------++-------
Melee: Hand axe          |   101 |    93 |    90 |       |       |       ||   284
       Headbutt          |    15 |    21 |    58 |   116 |   190 |   122 ||   522
       War axe           |       |       |   166 |   174 |       |       ||   340
       Broad axe         |       |       |       |   278 |   775 |   541 ||  1594
Throw: Dart              |       |     1 |       |       |       |       ||     1
       Boomerang         |       |     2 |     1 |       |       |       ||     3
       Javelin           |       |       |       |       |     5 |    39 ||    44
Invok: Divine Shield     |       |       |     3 |     3 |    15 |     8 ||    29
       Summon Divine War |       |       |       |       |     2 |     2 ||     4
       Cleansing Flame   |       |       |       |       |     3 |     5 ||     8
       Recite            |       |       |       |       |       |     3 ||     3
       Brand Weapon With |       |       |       |       |       |     1 ||     1
       Vitalisation      |       |       |       |       |       |     1 ||     1
Evoke: Wand              |       |       |       |     7 |    16 |     2 ||    25
       Phial of floods   |       |       |       |       |     4 |     3 ||     7
       Phantom mirror    |       |       |       |       |     1 |       ||     1
  Use: Potion            |     2 |     2 |     5 |    12 |    16 |    12 ||    49
       Scroll            |     5 |     4 |     7 |    15 |    14 |    18 ||    63
 Stab: Confused          |       |       |       |       |       |     1 ||     1
  Eat: Chunk             |     3 |     2 |    11 |     8 |     4 |    13 ||    41
       Ration            |       |     1 |     2 |     4 |    10 |     4 ||    21
Armor: Scale mail        |    72 |    35 |   105 |       |       |   104 ||   316
       Leather armour    |       |       |    10 |    10 |       |       ||    20
       Skin              |       |       |     7 |       |       |       ||     7
       Crystal plate arm |       |       |       |   203 |       |       ||   203
       Ring mail         |       |       |       |    95 |   279 |   238 ||   612
Dodge: Dodged            |    62 |    46 |   154 |   193 |   532 |   602 ||  1589
Block: Other             |       |       |    12 |     7 |    76 |    81 ||   176

Table legend:
 A = Non-vault XP
 B = Vault XP
 C = Vault XP percentage of total XP
 D = Non-vault monster count
 E = Vault monster count
 F = Vault count percentage of total count
                 A         B        C        D         E       F
            +---------+---------+-------+---------+---------+-------
      Total |  197787 |   97090 |  32.9 |     750 |     290 |  27.9
            +---------+---------+-------+---------+---------+-------
        D:1 |      33 |       3 |   8.3 |      20 |       3 |  13.0
        D:2 |      45 |       0 |   0.0 |      17 |       0 |   0.0
        D:3 |     248 |      43 |  14.8 |      23 |       1 |   4.2
        D:4 |     263 |     121 |  31.5 |      12 |       1 |   7.7
        D:5 |     306 |      44 |  12.6 |       9 |       1 |  10.0
        D:6 |     579 |       0 |   0.0 |      24 |       0 |   0.0
        D:7 |    2042 |      82 |   3.9 |      24 |       4 |  14.3
        D:8 |    1984 |    1395 |  41.3 |      34 |      12 |  26.1
        D:9 |     790 |     159 |  16.8 |      15 |       2 |  11.8
       D:10 |    1917 |      21 |   1.1 |      21 |       7 |  25.0
       D:11 |    1574 |    1942 |  55.2 |      11 |       5 |  31.2
       D:12 |    4617 |     583 |  11.2 |      26 |      12 |  31.6
       D:13 |    3432 |    7459 |  68.5 |      31 |      11 |  26.2
       D:14 |    8652 |    6387 |  42.5 |      20 |      18 |  47.4
       D:15 |    9827 |    4174 |  29.8 |      29 |      10 |  25.6
     Lair:1 |    3334 |    2642 |  44.2 |      16 |       7 |  30.4
     Lair:2 |    4894 |     153 |   3.0 |      28 |       8 |  22.2
     Lair:3 |    7664 |       0 |   0.0 |      23 |       0 |   0.0
     Lair:4 |    4705 |    1396 |  22.9 |      16 |       6 |  27.3
     Lair:5 |    8630 |    2462 |  22.2 |      23 |       2 |   8.0
     Lair:6 |    4081 |    8628 |  67.9 |      18 |      18 |  50.0
    Swamp:1 |    4373 |       0 |   0.0 |      12 |       0 |   0.0
   Spider:1 |   12909 |       0 |   0.0 |      34 |       0 |   0.0
   Spider:2 |    8114 |       0 |   0.0 |      22 |       0 |   0.0
   Spider:3 |   27639 |    3584 |  11.5 |      60 |      11 |  15.5
   Spider:4 |   11132 |   21363 |  65.7 |      28 |      38 |  57.6
      Orc:1 |    3722 |    2585 |  41.0 |      28 |      29 |  50.9
      Orc:2 |    6184 |    6683 |  51.9 |      35 |      42 |  54.5
      Elf:1 |   10482 |    8035 |  43.4 |      19 |      12 |  38.7
      Elf:2 |   21408 |    5847 |  21.5 |      33 |       9 |  21.4
      Elf:3 |   13138 |    1992 |  13.2 |      23 |       1 |   4.2
    Abyss:2 |    9069 |       0 |   0.0 |      16 |       0 |   0.0
      IceCv |       0 |    2657 | 100.0 |       0 |      10 | 100.0
   Gauntlet |       0 |    6650 | 100.0 |       0 |      10 | 100.0
            +---------+---------+-------+---------+---------+-------
